 Dungeon Crawl Stone Soup version 0.19-a0-994-g3c636f0 (webtiles) character file.

132838 matakusis the Nimble (level 16, -22/145 HPs)
             Began as a Demonspawn Gladiator on July 16, 2016.
             Was the Champion of Hepliaklqana.
             Killed from afar by a hellion (34 damage)
             ... with damnation
             ... summoned by a deep elf demonologist
             ... on level 1 of the Elven Halls.
             The game lasted 02:32:07 (35712 turns).

matakusis the Nimble (Demonspawn Gladiator)        Turns: 35712, Time: 02:32:08

Health: -22/145    AC: 18    Str: 22    XL:     16   Next: 58%
Magic:  26/26      EV: 25    Int: 12    God:    Hepliaklqana [******]
Gold:   2001       SH: 15    Dex: 22    Spells: 3 memorised, 21 levels left

rFire  + + +     SeeInvis .     M - +3 scimitar (protect)
rCold  + . .     Gourm    .     a - +3 leather armour "Afeyn" {rF++}
rNeg   . . .     Faith    .     j - +1 shield
rPois  +         Spirit   .     (helmet unavailable)
rElec  +         Dismiss  .     c - +0 cloak
rCorr  .         Reflect  .     F - +2 pair of gloves
SustAt .         Harm     .     I - +1 pair of boots {run}
MR     +....                    i - amulet of rage
Stlth  +++.......               P - +3 ring of dexterity
                                k - ring "Sifeb" {rPois Str+3 Stlth+}

@: slowed, very slow, somewhat resistant to hostile enchantments, fairly
stealthy
A: horns 3, clever 1, cold resistance 1, demonic guardian 1, fire resistance 1,
mutation resistance 1, sense surroundings 1, poison resistance, robust 1,
screaming 2, electricity resistance, strong 1, flame cloud immunity, sturdy
frame 2
a: Recall Ancestor, Ancestor Identity, Transference, Idealise, Renounce
Religion, Evoke Berserk Rage


You were on level 1 of the Elven Halls.
You worshipped Hepliaklqana.
Hepliaklqana was exalted by your worship.
You were hungry.

You visited 5 branches of the dungeon, and saw 25 of its levels.
You visited the Abyss 1 time.
You also visited: Ice Cave and Volcano.

You collected 2844 gold pieces.
You spent 843 gold pieces at shops.

Inventory:

Hand Weapons
 G - the +4 flail "Bung" {crush, +Inv MR+}
   (You found it on level 9 of the Dungeon)

   It inflicts extra damage upon your enemies.
   It affects your resistance to hostile enchantments.
   It lets you turn invisible.
 M - a +3 scimitar of protection (weapon)
Missiles
 d - 4 throwing nets (quivered)
Armour
 a - the +3 leather armour "Afeyn" (worn) {rF++}
   (You found it on level 10 of the Dungeon)

   It greatly protects you from fire.
 c - a +0 cloak (worn)
 j - a +1 shield (worn)
 B - a mottled dragon hide
 C - a +0 large shield
 F - a +2 pair of gloves (worn)
 I - a +1 pair of boots of running (worn)
 Q - a +3 plate armour of fire resistance
Jewellery
 i - an amulet of rage (around neck)
 k - the ring "Sifeb" (left hand) {rPois Str+3 Stlth+}
   (You took it off a red devil on level 6 of the Lair of Beasts)

   [ring of stealth]

   It affects your strength (+3).
   It protects you from poison.
   It makes you more stealthy.
 o - an uncursed ring of resist corrosion
 P - a +3 ring of dexterity (right hand)
 U - an uncursed ring of see invisible
Wands
 m - a wand of teleportation (3/9)
 K - a wand of lightning (5/15)
Scrolls
 n - 15 scrolls of remove curse
 p - 5 scrolls of fog
 s - a scroll of teleportation
 t - a scroll of silence
 w - 3 scrolls of fear
 y - 4 scrolls of magic mapping
 z - a scroll of enchant armour
 D - 3 scrolls of recharging
 H - a scroll of identify
 X - 2 scrolls of enchant weapon
Potions
 b - 7 potions of might
 e - 3 potions of haste
 h - 2 potions of resistance
 q - 2 potions of flight
 r - 8 potions of curing
 x - a potion of berserk rage
 A - 3 potions of magic
 E - 2 potions of lignification
 O - 2 potions of agility
 R - a potion of cure mutation
Books
 u - a book of Maledictions

   Spells                             Type                      Level
   a - Corona                         Hexes                        1
   b - Ensorcelled Hibernation        Hexes/Ice                    2
   c - Confuse                        Hexes                        3
   d - Tukima's Dance                 Hexes                        3
   e - Dazzling Spray                 Conjuration/Hexes            3
Miscellaneous
 l - a fan of gales
 v - a lamp of fire
Comestibles
 f - 17 bread rations
 g - 6 meat rations
 J - 7 beef jerkies
 L - a chunk of flesh
 W - 21 fruits


   Skills:
 * Level 13.8 Fighting
 + Level 11.6 Long Blades
 - Level 1.7 Throwing
 + Level 5.5 Armour
 + Level 14.4 Dodging
 * Level 13.2 Shields
 + Level 7.0 Spellcasting
 - Level 6.3 Hexes
 - Level 0.1 Ice Magic
 - Level 0.6 Evocations


You had 21 spell levels left.
You knew the following spells:

 Your Spells              Type           Power        Failure   Level  Hunger
a - Confuse               Hex            ###.....     4%          3    ###....
b - Tukima's Dance        Hex            ###.....     4%          3    ###....
c - Ensorcelled Hibernat  Hex/Ice        ##....       10%         2    #......


Dungeon Overview and Level Annotations

Branches:
Dungeon (15/15)            Temple (1/1) D:6            Lair (6/6) D:8
  Swamp (0/4) Lair:4       Spider (0/4) Lair:2        Slime (0/5) Lair:5
    Orc (2/2) D:11            Elf (1/3) Orc:2        Vaults (0/5) D:13
 Depths (0/5) D:15

Altars:
Ashenzari
Cheibriados
Dithmenos
Elyvilon
Fedhas
Gozag
Hepliaklqana
Kikubaaqudgha
Makhleb
Nemelex Xobeh
Okawaru
Pakellas
Qazlal
Ru
Sif Muna
Trog
Uskayaw
Vehumet
Xom
Yredelemnul
Zin
The Shining One
Beogh
Jiyva

Shops:
D:6 ?   D:9 !   D:12 ?*   Orc:2 (!*(

Portals:
Hell: Lair:6


Innate Abilities, Weirdness & Mutations

You have a pair of large horns on your head.
A weak demonic guardian rushes to your aid.
Your flesh is heat resistant. (rF+)
You are immune to clouds of flame.
Your movements are less encumbered by armour. (ER -4)
Your mind is acute. (Int +2)
Your flesh is cold resistant. (rC+)
You are somewhat resistant to further mutation.
You passively map a small area around you.
Your system is resistant to poisons. (rPois)
You are robust. (+10% HP)
You sometimes yell uncontrollably at your foes.
You are resistant to electric shocks. (rElec)
Your muscles are strong. (Str +2)


Message History

* * * LOW HITPOINT WARNING * * *
The ynoxinul gestures.
The deep elf demonologist gestures wildly while chanting.
You slash the deep elf demonologist!
You kill the deep elf demonologist!
The Hell Sentinel disappears in a puff of smoke!
The balrug disappears in a puff of smoke!
The soul eater disappears in a puff of smoke!
You block the deep elf demonologist's attack.
The orc priest zaps a wand.
The bolt of lightning hits the rust devil.
The rust devil resists.
The bolt of lightning hits you! You resist.
* * * LOW HITPOINT WARNING * * *
The bolt of lightning misses you.
The bolt of lightning hits Agathoclea.
Agathoclea is destroyed!
It is a wand of lightning.
The rust devil screeches!
The hellion gestures at you.
The sphere of damnation explodes!
The damnation engulfs you!
You die...

# ## ### #*** ##.
########88#88#88*,#'.
#############.))@.e2.§....,
##.
#.............####45§.....
, #. #.........)...#
#o#5e#..# #.
#..######.##### #335.5.$ ,
8*#. #..* #.# #555 ..$., #.
#.. #.# #5#.. ..# , ##R
#''######)## #.'... .. ,*
#.. ...))...(..## #.'....,.
*,#.. ....(.)(....# ###8 *
8 ,#..


You could see a deep elf demonologist, a deep elf archer, a rust devil, a
hellion, a shadow imp and 2 ufetubi.

Vanquished Creatures
  A frost giant (IceCv)
  Louise (D:14)
  An orc warlord (Orc:1)
  Azrael (D:15)
  3 deep elf demonologists (Elf:1)
  2 dire elephants (Lair:6)
  Josephine (Orc:2)
  A yaktaur captain (D:15)
  6 hydras
  2 centaur warriors
  6 dancing weapons (Elf:1)
  Erica (D:10)
  A queen ant (D:11)
  6 death yaks
  The ghost of Liquid the Martial Artist, a novice DsCK of Xom (D:9)
  3 orc high priests (Elf:1)
  Urug (D:14)
  Nergalle (D:10)
  5 deep elf knights (Elf:1)
  A death drake (shapeshifter) (D:14)
  3 unseen horrors
  A wizard (Lair:6)
  22 deep elf magi (Elf:1)
  5 hill giants
  3 orc knights
  6 deep elf archers (Elf:1)
  A necromancer (D:13)
  A salamander (shapeshifter) (D:15)
  4 orc sorcerers
  3 griffons
  A cyclops (D:15)
  16 elephants
  13 ugly things
  The ghost of Tungsten the Firebug, a novice DEFE of Vehumet (D:6)
  4 black mambas
  2 centaur zombies
  A molten gargoyle (Volcano)
  9 spiny frogs
  The ghost of matakusis the Ducker, a novice DsGl (D:4)
  3 orange demons (Lair:6)
  A smoke demon (Lair:6)
  A gargoyle (D:14)
  A yaktaur (D:15)
  9 komodo dragons
  A redback zombie (D:15)
  A kobold demonologist (D:12)
  2 rime drakes
  3 ice devils (Lair:6)
  A tengu conjurer (D:15)
  A hellwing (Lair:6)
  16 polar bears (IceCv)
  2 red devils (Lair:6)
  4 trolls
  21 blink frogs
  3 two-headed ogres
  Grinder (D:4)
  A boulder beetle (Lair:2)
  2 air elementals (Elf:1)
  A shadow (D:15)
  8 wraiths
  3 vampires
  The ghost of 4thArraOfDagon the Chopper, an amateur MiBe of Trog (D:5)
  3 wyverns
  Eustachio (D:4)
  61 yaks
  7 fire elementals
  A steam dragon (D:9)
  12 humans (D:13)
  7 hippogriffs
  4 vampire mosquitoes
  2 mottled dragons (D:15)
  2 wargs
  Edmund (D:4)
  2 hell hounds
  7 soldier ants (D:11)
  17 water moccasins
  4 porcupines
  44 orc warriors
  4 ice beasts
  2 wasps
  A black bear (Lair:1)
  2 sky beasts
  An eye of draining (D:13)
  A necrophage (D:4)
  16 wolves
  24 centaurs
  7 ogres
  7 crocodiles
  12 giant frogs
  A wyvern zombie (D:10)
  7 scorpions
  3 wyvern skeletons
  8 killer bees
  4 howler monkeys
  3 crimson imps
  4 giant frog zombies
  A quasit (D:9)
  7 hounds
  2 jellies
  Crazy Yiuf (D:2)
  5 centaur skeletons
  26 orc priests
  16 orc wizards
  2 giant frog skeletons
  10 iguanas
  Natasha (thrice) (D:4)
  A worker ant (shapeshifter) (Elf:1)
  23 worker ants
  12 sheep
  A hound zombie (D:8)
  A hound skeleton (D:10)
  4 gnolls (D:4)
  15 adders
  39 river rats
  2 shadow imps
  12 white imps (D:13)
  An ooze (D:7)
  An adder zombie (D:6)
  6 worms
  13 dart slugs
  7 giant geckos
  83 orcs
  9 giant cockroaches
  6 goblins
  8 hobgoblins
  9 jackals
  10 kobolds
  5 quokkas
  11 bats
  3 giant newts
  A jackal zombie (D:6)
  A quokka zombie (D:9)
  7 rats
875 creatures vanquished.

Vanquished Creatures (collateral kills)
  A vault guard (D:13)
  A sun demon (Lair:6)
  A deep elf knight (Elf:1)
  3 unseen horrors
  A deep elf archer (Elf:1)
  A lindwurm (shapeshifter) (Elf:1)
  2 wizards
  A hill giant (D:12)
  An orc sorcerer (Elf:1)
  3 deep elf magi
  A manticore (D:12)
  3 gargoyles
  A spiny frog (Lair:2)
  2 komodo dragons
  A rime drake (Lair:6)
  A tengu conjurer (D:15)
  A troll (D:7)
  5 blink frogs
  A shadow (D:13)
  7 humans (D:13)
  A basilisk (D:14)
  12 yaks
  A hippogriff (Lair:4)
  A vampire mosquito (D:15)
  A mottled dragon (D:13)
  2 soldier ants (D:11)
  A hell hound (D:15)
  An ice beast (D:9)
  8 orc warriors
  3 sky beasts
  2 black bears
  2 ogres
  2 centaurs
  4 wolves
  A giant frog (D:12)
  A wyvern skeleton (D:10)
  4 killer bees
  2 howler monkeys
  An electric eel (D:10)
  A spectral giant frog (D:10)
  A crimson imp (D:9)
  A wasp zombie (D:10)
  3 centaur skeletons
  A jelly (D:8)
  An orc wizard (D:11)
  7 worker ants
  A worker ant zombie (D:10)
  2 adders
  4 river rats
  A shadow imp (D:6)
  An adder skeleton (D:7)
  A giant gecko (D:9)
  14 orcs
  A jackal (D:8)
  A fungus (Lair:6)
129 creatures vanquished.

Vanquished Creatures (others)
  A polar bear (IceCv)
  4 yaks (IceCv)
  A human (D:13)
  A wolf (IceCv)
  21 hexers
  3 ancestors (D:7)
  2 fungi (Lair:3)
  3 plants
36 creatures vanquished.

Grand Total: 1040 creatures vanquished

Notes
Turn   | Place    | Note
-------+----------+-------------------------------------------
     0 | D:1      | matakusis the Demonspawn Gladiator began the quest for the Orb.
     0 | D:1      | Reached XP level 1. HP: 16/16 MP: 1/1
   206 | D:1      | Gained mutation: Your flesh is heat resistant. (rF+) [demonic ancestry]
   206 | D:1      | Reached XP level 2. HP: 17/22 MP: 2/2
   296 | D:1      | Reached skill level 3 in Dodging
   961 | D:1      | Reached XP level 3. HP: 26/28 MP: 3/3
  1488 | D:2      | Gained mutation: You have a pair of small horns on your head. [demonic ancestry]
  1488 | D:2      | Reached XP level 4. HP: 34/34 MP: 4/4
  1507 | D:2      | Found a runed door.
  1511 | D:2      | Noticed Crazy Yiuf
  1519 | D:2      | Killed Crazy Yiuf
  1519 | D:2      | Reached skill level 4 in Dodging
  2069 | D:2      | Reached XP level 5. HP: 38/41 MP: 5/5
  2850 | D:3      | HP: 1/41 [orc/dagger (3)]
  3254 | D:3      | Reached XP level 6. HP: 48/48 MP: 6/6
  3289 | D:3      | Found a deep blue altar of Sif Muna.
  3742 | D:4      | Noticed Eustachio
  4105 | D:4      | Noticed Edmund
  4116 | D:4      | Killed Edmund
  4116 | D:4      | Reached skill level 5 in Dodging
  4196 | D:4      | Noticed matakusis's ghost (novice DsGl)
  4223 | D:4      | Killed matakusis's ghost
  4223 | D:4      | Reached skill level 6 in Dodging
  4223 | D:4      | Reached skill level 1 in Shields
  4223 | D:4      | Gained mutation: Your movements are slightly less encumbered by armour. (ER -2) [demonic ancestry]
  4223 | D:4      | Reached XP level 7. HP: 27/55 MP: 7/7
  4503 | D:4      | Noticed Grinder
  4516 | D:4      | Killed Grinder
  4610 | D:4      | Noticed Natasha
  4614 | D:4      | Killed Natasha
  4614 | D:4      | Reached skill level 5 in Fighting
  4715 | D:4      | Noticed Natasha
  4722 | D:4      | Killed Natasha
  4722 | D:4      | Gained mutation: Your movements are less encumbered by armour. (ER -4) [demonic ancestry]
  4722 | D:4      | Reached XP level 8. HP: 62/62 MP: 8/8
  4941 | D:4      | Killed Eustachio
  5058 | D:4      | Noticed Natasha
  5064 | D:4      | Killed Natasha
  5305 | D:5      | Entered Level 5 of the Dungeon
  5341 | D:5      | Noticed 4thArraOfDagon's ghost (amateur MiBe)
  5362 | D:5      | Reached skill level 7 in Dodging
  6099 | D:5      | Killed 4thArraOfDagon's ghost
  6474 | D:6      | Found a staircase to the Ecumenical Temple.
  6481 | Temple   | Entered the Ecumenical Temple
  6521 | Temple   | Became a worshipper of Hepliaklqana
  6627 | D:6      | Noticed Tungsten's ghost (novice DEFE)
  6642 | D:6      | Killed Tungsten's ghost
  6642 | D:6      | Gained mutation: You are immune to clouds of flame. [demonic ancestry]
  6642 | D:6      | Reached XP level 9. HP: 46/68 MP: 9/9
  6772 | D:6      | Found Texy's Magic Scroll Boutique.
  6961 | D:6      | Bought a scroll of enchant armour for 97 gold pieces
  6998 | D:6      | Reached skill level 5 in Long Blades
  7065 | D:6      | Reached * piety under Hepliaklqana
  7452 | D:7      | Reached skill level 8 in Dodging
  7698 | D:7      | Found an oddly glowing altar of Pakellas.
  8138 | D:7      | Noticed a troll
  8417 | D:7      | Reached skill level 1 in Armour
  8445 | D:7      | Reached skill level 5 in Shields
  8829 | D:7      | Gained mutation: You have sharp fingernails. [mutagenic meat]
  8863 | D:7      | Killed an unseen horror
  8868 | D:7      | Gained mutation: A weak demonic guardian rushes to your aid. [demonic ancestry]
  8868 | D:7      | Reached XP level 10. HP: 27/79 MP: 10/10
  9328 | D:7      | Found a sparkling altar of Nemelex Xobeh.
  9861 | D:8      | Reached ** piety under Hepliaklqana
  9862 | D:8      | Remembered your ancestor Agathoclea as a hexer
 10043 | D:8      | Found a staircase to the Lair.
 10531 | D:9      | Got an encrusted flail
 10532 | D:9      | Identified the +4 flail "Bung" {crush, +Inv MR+} (You found it on level 9 of the Dungeon)
 10824 | D:9      | Noticed Liquid's ghost (novice DsCK)
 10845 | D:9      | Killed Liquid's ghost
 11071 | D:9      | Found Dipt's Distillery.
 11075 | D:9      | Bought a potion of heal wounds for 75 gold pieces
 11075 | D:9      | Bought a potion of curing for 45 gold pieces
 11075 | D:9      | Bought a potion of heal wounds for 75 gold pieces
 11075 | D:9      | Bought a potion of heal wounds for 75 gold pieces
 11307 | D:10     | Entered Level 10 of the Dungeon
 11309 | D:10     | Got a fine leather armour
 11330 | D:10     | Identified the +3 leather armour "Afeyn" {rF++} (You found it on level 10 of the Dungeon)
 11339 | D:10     | Noticed a hill giant
 11350 | D:10     | Killed a hill giant
 11350 | D:10     | Gained mutation: You have a pair of horns on your head. [demonic ancestry]
 11350 | D:10     | Reached XP level 11. HP: 47/87 MP: 11/11
 11602 | D:10     | Reached *** piety under Hepliaklqana
 11667 | D:10     | Noticed a hill giant
 11676 | D:10     | Killed a hill giant
 12000 | D:10     | Reached skill level 9 in Dodging
 12119 | D:10     | Noticed Erica
 12132 | D:10     | Killed Erica
 12364 | D:10     | Noticed a hill giant
 12375 | D:10     | Killed a hill giant
 12448 | D:10     | Noticed Nergalle
 12455 | D:10     | Noticed a spectral orc warlord
 12472 | D:10     | Killed Nergalle
 12794 | D:10     | Killed an unseen horror
 13212 | D:11     | Noticed a queen ant
 13230 | D:11     | Killed a queen ant
 13230 | D:11     | Reached skill level 10 in Dodging
 13525 | D:11     | Found a staircase to the Orcish Mines.
 13573 | D:11     | Paralysed by a wasp for 3 turns
 13661 | D:11     | Reached XP level 12. HP: 92/97 MP: 12/12
 13820 | D:11     | Reached skill level 10 in Fighting
 14523 | D:11     | Found a roughly hewn altar of Beogh.
 14854 | D:12     | Found Ravomic's Magic Scroll Boutique.
 14891 | D:12     | Reached skill level 11 in Dodging
 14950 | D:12     | Found Gashrez's Assorted Antiques.
 14965 | D:12     | Gained mutation: You are frail. (-10% HP) [mutagenic meat]
 14968 | D:12     | Gained mutation: You tend to lose your temper in combat. [mutagenic meat]
 14971 | D:12     | Gained mutation: You have large cloven feet. [mutagenic meat]
 14974 | D:12     | Gained mutation: You are agile. (Dex +2) [mutagenic meat]
 14977 | D:12     | Gained mutation: Your body sometimes deteriorates upon taking damage. [mutagenic meat]
 14977 | D:12     | Lost mutation: Your body sometimes deteriorates upon taking damage. [potion of cure mutation]
 14977 | D:12     | Lost mutation: You are frail. (-10% HP) [potion of cure mutation]
 14977 | D:12     | Lost mutation: You have sharp fingernails. [potion of cure mutation]
 14977 | D:12     | Lost mutation: You have large cloven feet. [potion of cure mutation]
 14977 | D:12     | Lost mutation: You are agile. (Dex +2) [potion of cure mutation]
 14977 | D:12     | Lost mutation: You tend to lose your temper in combat. [potion of cure mutation]
 14989 | D:12     | Bought a pair of glowing boots for 126 gold pieces
 14989 | D:12     | Bought a ring of dexterity for 56 gold pieces
 14989 | D:12     | Bought a ring of dexterity for 56 gold pieces
 14994 | D:12     | Identified a +1 pair of boots of running (You bought it in a shop on level 12 of the Dungeon)
 15234 | D:12     | Got a scorched trident
 15235 | D:12     | Identified the +3 trident of Destiny {pierce, rPois rF+ rN++ Str-3} (You found it on level 12 of the Dungeon)
 15386 | D:12     | Gained mutation: Your system is resistant to poisons. (rPois) [mutagenic meat]
 15389 | D:12     | Gained mutation: You are clumsy. (Dex -2) [mutagenic meat]
 15392 | D:12     | Gained mutation: You tend to lose your temper in combat. [mutagenic meat]
 15397 | D:12     | Reached **** piety under Hepliaklqana
 15572 | D:12     | Noticed an ettin
 16066 | D:13     | Found a frozen archway.
 16192 | IceCv    | Entered an ice cave
 16865 | IceCv    | Identified Epunneci's Papyrus of Transmutation and Talismans (You found it in an ice cave)
 16918 | IceCv    | Reached skill level 12 in Dodging
 16969 | IceCv    | Reached XP level 13. HP: 88/105 MP: 13/13
 17579 | IceCv    | Noticed a frost giant
 17615 | IceCv    | Reached skill level 10 in Shields
 17695 | IceCv    | Killed a frost giant
 18172 | IceCv    | Learned a level 3 spell: Confuse
 18220 | D:13     | Reached skill level 1 in Hexes
 18224 | D:13     | Reached skill level 1 in Spellcasting
 18404 | D:13     | Found a gate to the Vaults.
 18745 | D:13     | Found an opulent altar of Gozag.
 19075 | D:14     | Noticed Urug
 19313 | D:14     | Killed Urug
 19391 | D:14     | Reached skill level 5 in Hexes
 19436 | D:14     | Gained mutation: You are resistant to electric shocks. (rElec) [mutagenic meat]
 19439 | D:14     | Lost mutation: You are clumsy. (Dex -2) [mutagenic meat]
 19442 | D:14     | Gained mutation: You are frail. (-10% HP) [mutagenic meat]
 19445 | D:14     | Gained mutation: Your flesh is cold resistant. (rC+) [mutagenic meat]
 19448 | D:14     | Lost mutation: You are frail. (-10% HP) [mutagenic meat]
 19451 | D:14     | Gained mutation: Your magical capacity is low. (-10% MP) [mutagenic meat]
 19454 | D:14     | Gained mutation: Your mind is acute. (Int +2) [mutagenic meat]
 19457 | D:14     | Gained mutation: Your muscles are strong. (Str +2) [mutagenic meat]
 19460 | D:14     | Lost mutation: Your magical capacity is low. (-10% MP) [mutagenic meat]
 19463 | D:14     | Gained mutation: Your muscles are very strong. (Str +4) [mutagenic meat]
 19466 | D:14     | Gained mutation: You passively map a small area around you. [mutagenic meat]
 19469 | D:14     | Gained mutation: You are somewhat resistant to further mutation. [mutagenic meat]
 19652 | D:14     | Learned a level 3 spell: Tukima's Dance
 19694 | D:14     | Reached skill level 5 in Spellcasting
 19744 | D:14     | Gained mutation: You have a pair of large horns on your head. [demonic ancestry]
 19744 | D:14     | Reached XP level 14. HP: 43/113 MP: 22/22
 20245 | D:14     | Lost mutation: Your muscles are very strong. (Str +4) [mutagenic meat]
 20699 | D:14     | Noticed Louise
 20716 | D:14     | Killed Louise
 20912 | D:14     | Lost mutation: You tend to lose your temper in combat. [mutagenic meat]
 20918 | D:14     | Gained mutation: You occasionally shout uncontrollably at your foes. [mutagenic meat]
 20958 | D:15     | Entered Level 15 of the Dungeon
 21171 | D:15     | Noticed Azrael
 21181 | D:15     | Killed Azrael
 21322 | D:15     | Gained mutation: You sometimes yell uncontrollably at your foes. [mutagenic meat]
 21491 | D:15     | Reached ***** piety under Hepliaklqana
 21711 | D:15     | Found a staircase to the Depths.
 21977 | D:15     | Learned a level 2 spell: Ensorcelled Hibernation
 22135 | Lair:1   | Entered Level 1 of the Lair of Beasts
 22512 | Lair:1   | Got a warped war axe
 22513 | Lair:1   | Identified the +6 war axe "Caruic" {pain, Dex+6 Stlth+} (You found it on level 1 of the Lair of Beasts)
 22800 | Lair:1   | Reached skill level 13 in Dodging
 23150 | Lair:2   | Found a hole to the Spider Nest.
 24010 | Lair:3   | Found a dark tunnel.
 24015 | Volcano  | Entered a volcano
 24101 | Volcano  | Reached skill level 10 in Long Blades
 24503 | Lair:3   | Reached ****** piety under Hepliaklqana
 25353 | Lair:4   | Reached skill level 5 in Armour
 25721 | Lair:4   | Found a staircase to the Swamp.
 25739 | Lair:4   | Reached XP level 15. HP: 116/120 MP: 24/24
 27493 | Lair:5   | Found a viscous altar of Jiyva.
 27494 | Lair:5   | Found a staircase to the Slime Pits.
 27807 | Lair:6   | Entered Level 6 of the Lair of Beasts
 28831 | Lair:6   | Found a burning altar of Makhleb.
 28871 | Lair:6   | Found a gateway to Hell.
 29028 | Lair:6   | Got a transparent pewter ring
 29039 | Lair:6   | Identified the ring "Sifeb" {rPois Str+3 Stlth+} (You took it off a red devil on level 6 of the Lair of Beasts)
 29485 | Lair:6   | Got an iridescent hand axe
 29494 | Lair:6   | Identified the +8 hand axe of Spite {venom, MR++ Dex+3} (You found it on level 6 of the Lair of Beasts)
 29495 | Lair:6   | Gained mutation: You are robust. (+10% HP) [potion of mutation]
 29798 | Orc:1    | Entered Level 1 of the Orcish Mines
 29897 | Orc:1    | Noticed an orc warlord
 29951 | Orc:1    | Killed an orc warlord
 30397 | Orc:1    | Found a bloodstained altar of Trog.
 30525 | Orc:2    | Entered Level 2 of the Orcish Mines
 30930 | Orc:2    | Found a staircase to the Elven Halls.
 31139 | Orc:2    | Found Vanipe's Weapon Shoppe.
 31139 | Orc:2    | Found Hakof's General Store.
 31139 | Orc:2    | Found Ycautula's Distillery.
 31139 | Orc:2    | Found Xiuj's Antique Weapon Shop.
 31559 | Orc:2    | Bought a potion of curing for 42 gold pieces
 31559 | Orc:2    | Bought a potion of curing for 42 gold pieces
 31559 | Orc:2    | Bought a potion of heal wounds for 70 gold pieces
 31559 | Orc:2    | Bought a potion of curing for 42 gold pieces
 31559 | Orc:2    | Bought a potion of curing for 42 gold pieces
 31668 | Orc:2    | Noticed Josephine
 31677 | Orc:2    | Killed Josephine
 32330 | Elf:1    | Entered Level 1 of the Elven Halls
 32353 | Elf:1    | Reached XP level 16. HP: 97/143 MP: 26/26
 32434 | Elf:1    | Paralysed by an orc sorcerer for 6 turns
 32445 | Elf:1    | Reached skill level 14 in Dodging
 32613 | Elf:1    | HP: 7/144 [deep elf archer/arrow (10)]
 33970 | Elf:1    | Noticed a Tzitzimitl
 33973 | Elf:1    | Noticed a Brimstone Fiend
 33976 | Elf:1    | HP: 3/144 [reaper/scythe of protection[a deep elf demonologist] (15)]
 34697 | Elf:1    | Cast into level 3 of the Abyss (a deep elf demonologist)
 34817 | Elf:1    | Escaped the Abyss
 35710 | Elf:1    | Noticed a Hell Sentinel
 35712 | Elf:1    | Killed from afar by a hellion

Vault maps used:
D:1:      tarquinn_simple_flora_water_a
D:2:      grunt_decor_fettered, hangedman_decor_push, uniq_crazy_yiuf_cottage
D:3:      kennysheep_slugbush, led_sif_pool, st_stairs_7, kennysheep_cross_room
D:4:      first_bread, uniq_eustachio, uniq_grinder, uniq_natasha, uniq_edmund
D:6:      serial_shops, nicolae_shop_window_shopping, kennysheep_generic_room_9
D:7:      basic_altar, nemelex_dance_club_becter
D:8:      lair_0_dummy
D:9:      serial_shops, shop, grunt_ogre_cave
D:10:     minivault_5, hangedman_weighted_door, water_boxes_lemuel, uniq_erica,
          uniq_nergalle
D:11:     orc_0_dummy, zaba_antful_of_joy
D:12:     minmay_expanding_circles, serial_shops, shop_fountains, shop
D:13:     grunt_vaults_entry_tiered, basic_altar, portal_ice_cave_entry_imps,
          lemuel_flamethrower_3
D:14:     minmay_misc_feat_tower, uniq_louise, uniq_urug
D:15:     grunt_enter_depths_snipers, minivault_25, uniq_azrael
Temple:   grunt_wide_crystal_templ
Lair:1:   beast_lair_carwin_8
Lair:2:   nicolae_spider_entry_non_spiders, st_stairs_6
Lair:3:   enter_volcano_4, grunt_megastairs_3
Lair:4:   swamp_mist, serial_bayou_shore_b
Lair:5:   dpeg_slime_entry_enclosed_altar, grunt_megastairs_5, lemuel_fruit_tree
Lair:6:   evil_forest, grunt_forest_large_clearings, serial_bayou_shore_b
Orc:1:    trog_butcher_becter
Orc:2:    st_orc_rangers, lightli_orcish_oven, uniq_josephine
Elf:1:    elf_arrival_002, orc_legates
Abyss:3:  nicolae_abyss_rune_left_handed
IceCv:    ice_cave_caverns_02
Volcano:  volcano_overflow

Skill      XL: |  1  2  3  4  5  6  7  8  9 10 11 12 13 14 15 16 |
---------------+-------------------------------------------------+-----
Dodging        | 3 4 6 7 8 10 12 13 14 | 14.4
Long Blades    | 3 4 5 6 7 8 9 10 11 | 11.6
Fighting       | 3 4 5 7 8 9 10 11 13 | 13.8
Shields        | 1 2 4 6 8 9 10 11 12 13 | 13.2
Armour         | 2 3 4 5 |  5.5
Hexes          | 5 6 |  6.3
Spellcasting   | 5 6 7 |  7.0
Throwing       | |  1.7
Ice Magic      | |  0.1
Evocations     | |  0.6

Action                   |  1- 3 |  4- 6 |  7- 9 | 10-12 | 13-15 | 16-18 || total
-------------------------+-------+-------+-------+-------+-------+-------++-------
Melee: Long sword        |   129 |   241 |   375 |   311 |       |       ||  1056
       Headbutt          |       |    49 |    82 |   316 |   622 |   113 ||  1182
       Scimitar          |       |       |       |   822 |  1790 |   373 ||  2985
Throw: Throwing net      |       |     1 |     1 |       |       |       ||     2
 Cast: Confuse           |       |       |       |       |    47 |     7 ||    54
       Ensorcelled Hiber |       |       |       |       |    20 |    10 ||    30
       Tukima's Dance    |       |       |       |       |     2 |       ||     2
Invok: Ancestor Life: He |       |       |       |     1 |       |       ||     1
       Recall Ancestor   |       |       |       |    10 |    17 |     2 ||    29
 Abil: Evoke Berserk Rag |     3 |     2 |     3 |     2 |     1 |     1 ||    12
       Evoke Invisibilit |       |       |       |     2 |       |       ||     2
       Turn Visible      |       |       |       |     1 |       |       ||     1
Evoke: Wand              |       |       |       |     2 |     2 |     1 ||     5
  Use: Scroll            |       |     8 |     7 |    12 |    12 |     4 ||    43
       Potion            |       |     1 |     5 |     6 |     7 |    11 ||    30
 Stab: Held in net/web   |       |     1 |     1 |       |       |       ||     2
       Sleeping          |       |     2 |       |     1 |    15 |     1 ||    19
       Distracted        |       |       |     5 |    16 |    19 |     5 ||    45
       Confused          |       |       |       |    12 |    32 |       ||    44
       Paralysed         |       |       |       |       |    39 |     4 ||    43
  Eat: Chunk             |     4 |    10 |    15 |    36 |    69 |    10 ||   144
       Beef jerky        |       |       |     2 |       |     1 |       ||     3
       Royal jelly       |       |       |       |     2 |       |       ||     2
       Meat ration       |       |       |       |     1 |     2 |     1 ||     4
       Pizza             |       |       |       |       |     1 |       ||     1
Armor: Leather armour    |    39 |    40 |    19 |   102 |   181 |    61 ||   442
       Ring mail         |       |       |    15 |       |       |       ||    15
       Chain mail        |       |       |   106 |    98 |       |       ||   204
       Skin              |       |       |     5 |       |       |       ||     5
Dodge: Dodged            |    88 |   129 |   171 |   561 |   907 |   225 ||  2081
Block: Shield            |       |    11 |   215 |   638 |   949 |   225 ||  2038
